AoeStats
← AoEBoB11

Arena

509756280Analyzed
1v1 RM · 3d ago on Sep 27, 2026· 40m 51s· 2 players
Game mode
Random Map
Map size
Tiny (2 player)
Population
200
Speed
Normal
Resources
Standard
Victory
Conquest
Starting age
Dark Age
Ending age
Imperial Age
RankedLock teamsTeams togetherTeam positionsShared explorationLock speedFull tech treeHidden civsTurbo modeCheats
Victory
Defeat
🇺🇸 Vikings · United States
965
+14
🇬🇧 Saxons · United Kingdom
925
-14
Chuck B 2259
10:13 Feudal Age
8:29 Loom
15:51 Castle Age
14:55 Double-Bit Axe
14:51 Horse Collar
15:28 Forging
18:17 Town Watch
18:36 Heavy Plow
19:54 Bow Saw
21:17 Scale Mail Armor
21:58 Gold Mining
27:48 Imperial Age
25:50 Stone Mining
26:29 Chain Mail Armor
27:30 Squires
28:04 Fletching
28:51 Iron Casting
29:04 Ballistics
30:45 Conscription
30:34 Elite Varangian Guard
33:49 Block Printing
34:58 Crossbowman
35:23 Sappers
36:40 Hoardings
37:20 Plate Mail Armor
38:37 Town Patrol
39:07 Scale Barding Armor
40:05 Blast Furnace
AoEBoB11
11:58 Feudal Age
12:59 Double-Bit Axe
13:17 Horse Collar
16:01 Castle Age
15:15 Wheelbarrow
17:27 Bow Saw
17:23 Heavy Plow
18:38 Hand Cart
24:46 Loom
26:18 Man-at-Arms
29:51 Imperial Age
27:55 Forging
27:46 Scale Mail Armor
27:58 Man-at-Arms
28:56 Gold Mining
28:43 Long Swordsman
29:10 Gambesons
29:26 Squires
29:12 Arson
30:37 Iron Casting
30:18 Chain Mail Armor
29:58 Two-Handed Swordsman
31:12 Conscription
30:55 Champion
32:55 Plate Mail Armor
32:35 Shield Wall
35:05 Elite Hearth Troop
Connection lost

Rejoining the realm…

Still unreachable

The connection could not be restored.

Session expired

The server has moved on; the page needs a fresh start.